[Event "DFMM-LV 2023"]
[Site "Braunfels"]
[Date "2023.06.10"]
[Round "4.28"]
[White "Prinzen, Siri Marleen"]
[Black "Lukas, Anne"]
[Result "0-1"]
[Annotator "TA"]
[ECO "E61"]
[WhiteElo "1724"]
[BlackElo "2057"]
[PlyCount "126"]
[EventDate "2023.06.09"]
[EventType "team-tourn"]
[EventCountry "GER"]
[SourceTitle "playchess.com"]
[Source "ChessBase"]
[SourceQuality "1"]
[TimeControl "40/5400+30:1800+30"]

1. d4 Nf6 2. Bf4 g6 3. c4 Bg7 4. Nc3 d6 5. e3 Nfd7 6. Nf3 {[%emt 0:06:36] E61: King's Indian: Early deviations for White, including Smyslov System.} e5 7. dxe5 dxe5 {[%emt 0:00:05] [#]} 8. Bg3 $146 {[%emt 0:00:44] The position is equal.} ({Predecessor:} 8. Bg5 f6 9. Bh4 O-O 10. Be2 Nc6 11. O-O Ne7 12. Qc2 Nf5 13. Rad1 Nxh4 14. Nxh4 {1-0 Lampersberger,P (1820)-Steiner,D (1605) Feffernitz Raika op 05th 1996}) 8... O-O 9. Be2 Nc6 10. O-O Kh8 11. Qd2 Ne7 (11... Nc5 $11 {remains equal.}) 12. Rad1 f6 13. h3 ({White should play} 13. e4 $16) 13... c6 (13... Nf5 $11) 14. b4 (14. e4 $16) 14... Qe8 (14... a5 $14) 15. Ne4 $16 {[%emt 0:03:33] [#] And now Nd6 would win.} Nf5 16. Bh2 {[%emt 0:06:09] Strongly threatening g4.} Nb6 17. Nc3 (17. c5 $16 Nd5 18. g4) 17... Be6 $11 18. c5 Nc8 ({Better is} 18... Nc4 $11 19. Qc1 b5) 19. e4 Nh6 20. Qc2 Nf7 21. Nd2 Ne7 22. Nc4 (22. Bc4 $5 Nd8 23. Qb3 $16) 22... Rd8 23. Rxd8 Qxd8 24. Rd1 Qc7 25. Nd6 Nc8 26. Nxf7+ Qxf7 27. Kh1 a6 28. Rb1 Rd8 29. Rd1 Qc7 30. a4 Bf8 31. a5 Bh6 32. Bg4 Rxd1+ 33. Qxd1 f5 $2 (33... Bf7 $14) 34. exf5 $18 gxf5 35. Bh5 (35. Bxf5 $18 Bxf5 36. Qh5) 35... Bg7 $11 36. Qe2 Ne7 37. Nb1 Nd5 38. Qe1 Kg8 (38... Bf6 $5 ) 39. Na3 Ne7 40. Qe2 Bd5 41. Bf3 Bxf3 42. Qxf3 Qd7 43. Qb3+ Qd5 44. Qc2 Qd4 ({Black should try} 44... Qe4 $11) 45. Bg1 (45. Nc4 $14 {is the one way to stay ahead.}) 45... Qxb4 {[%emt 0:00:29] Black is more active.} 46. Qc4+ (46. Nc4 $17) 46... Qxc4 47. Nxc4 $19 {[%emt 0:00:04][%mdl 4096] Endgame KBN-KBN} Nc8 48. f3 Kf7 49. Kh2 (49. g4 {is a better defense.}) 49... Ke6 50. Kg3 Bh6 {[%emt 0:01:09] aiming for ...Kd5.} 51. Kh4 f4 52. Kh5 Bf8 53. Nd2 Be7 {[%emt 0:14:30] ...Bd8 would be deadly.} 54. Kh6 $2 {[%emt 0:02:16] [#]} (54. Bf2 $17 {might work better.}) 54... Bd8 $1 55. Kxh7 $2 (55. Nc4) 55... Bxa5 {[%emt 0:01:22] Black is clearly winning.} 56. Nc4 Be1 57. h4 Bxh4 58. Na5 Be1 59. Nxb7 a5 {[%emt 0:00:03][%cal Ba6a5,Ba5a4][%mdl 32] Threatens to win with ...a4.} 60. Nd8+ Kd7 61. Nf7 Bc3 62. Ng5 a4 63. Ne4 Bb4 {[%emt 0:00:05] Black used his chance.   Weighted Error Value: White=0.58/Black=0.25 (precise) .  Loses game:     	White=1     	Black=1      Missed win:     	White=1     	---        Mistake:       	White=7     	Black=5      Inaccurate:     	White=10    	Black=5      OK:         	White=11    	Black=16     Best:        	White=1     	Black=1      Strong:       	---       	Black=1      Brilliant:      	---       	---} 0-1

[Event "DFMM-LV 2023"]
[Site "Braunfels"]
[Date "2023.06.10"]
[Round "4.29"]
[White "Buchholz, Maja Patricia"]
[Black "Stark, Amalia"]
[Result "1/2-1/2"]
[Annotator "NA RC COMBH"]
[ECO "E61"]
[WhiteElo "1899"]
[BlackElo "1499"]
[PlyCount "92"]
[EventDate "2023.06.09"]
[EventType "team-tourn"]
[EventCountry "GER"]
[SourceTitle "playchess.com"]
[Source "ChessBase"]
[SourceQuality "1"]
[TimeControl "40/5400+30:1800+30"]

1. c4 Nf6 2. g3 g6 3. Bg2 Bg7 4. Nc3 d6 5. d4 Nc6 6. d5 Nb8 7. Nf3 O-O 8. e4 e6 9. O-O exd5 10. exd5 Bf5 11. h3 Na6 12. Nd4 Bd7 13. Be3 Rc8 14. Ndb5 b6 15. Nxa7 Ra8 16. Nc6 Bxc6 17. dxc6 Re8 18. Qd2 Nc5 19. Bg5 Re5 20. b4 Ne6 21. Be3 Rb8 22. f4 Rxe3 23. Qxe3 Nd5 24. Qd3 Nxc3 25. a4 Nd4 26. Kh2 Nf5 27. Ra3 Ra8 28. a5 bxa5 29. bxa5 Qf6 30. Rc1 Qe6 31. Rcxc3 Bxc3 32. Qxc3 Qe2 33. a6 Qf2 34. Qb3 h5 35. Ra2 Qd4 36. h4 Ne3 37. Bd5 Ng4+ 38. Kh3 Qg1 39. a7 Qf1+ 40. Bg2 Qg1 41. Qb8+ Rxb8 42. axb8=Q+ Kh7 43. Be4 Qf1+ 44. Bg2 Qg1 45. Bd5 Qf1+ 46. Bg2 Qg1 1/2-1/2

[Event "DFMM-LV 2023"]
[Site "Braunfels"]
[Date "2023.06.10"]
[Round "4.30"]
[White "Alferova, Emily"]
[Black "Froehlich-Dill, Astrid"]
[Result "0-1"]
[Annotator "NA RC COMBH"]
[ECO "B00"]
[WhiteElo "1612"]
[BlackElo "1762"]
[PlyCount "62"]
[EventDate "2023.06.09"]
[EventType "team-tourn"]
[EventCountry "GER"]
[SourceTitle "playchess.com"]
[Source "ChessBase"]
[SourceQuality "1"]
[TimeControl "40/5400+30:1800+30"]

1. e4 e6 2. d4 b6 3. Bd3 Bb7 4. Nf3 Nf6 5. Qe2 Be7 6. e5 Nd5 7. Be4 c6 8. O-O O-O 9. a3 a5 10. c4 f5 11. cxd5 fxe4 12. Qxe4 cxd5 13. Qg4 Ba6 14. Re1 Bd3 15. Nc3 Nc6 16. Be3 b5 17. Rad1 Bf5 18. Qg3 b4 19. Nb5 bxa3 20. Nxa3 Rb8 21. Bc1 Be4 22. Bh6 Bg6 23. Bc1 Rf7 24. Re2 Bh5 25. Rd3 Qf8 26. Ree3 Kh8 27. b3 Bxa3 28. Ng5 Bxc1 29. Nxf7+ Qxf7 30. Re1 Bf4 31. Qh3 Qg6 0-1

[Event "DFMM-LV 2023"]
[Site "Braunfels"]
[Date "2023.06.10"]
[Round "4.31"]
[White "von Beckh, Frieda"]
[Black "Schaefer, Ann-Kathrin"]
[Result "1-0"]
[Annotator "NA RC COMBH"]
[ECO "B23"]
[WhiteElo "1672"]
[BlackElo "1695"]
[PlyCount "41"]
[EventDate "2023.06.09"]
[EventType "team-tourn"]
[EventCountry "GER"]
[SourceTitle "playchess.com"]
[Source "ChessBase"]
[SourceQuality "1"]
[TimeControl "40/5400+30:1800+30"]

1. e4 c5 2. Nc3 Nc6 3. f4 g6 4. Nf3 Bg7 5. Bb5 Nd4 6. O-O Nxb5 7. Nxb5 a6 8. Nc3 e6 9. d4 cxd4 10. Nxd4 Qb6 11. Be3 Qxb2 12. Qd3 Qa3 13. Rab1 Ne7 14. f5 exf5 15. exf5 gxf5 16. Nxf5 Be5 17. Rb3 Qa5 18. Bb6 Qxc3 19. Rxc3 Bxc3 20. Nd6+ Kf8 21. Rxf7+ 1-0

[Event "DFMM-LV 2023"]
[Site "Braunfels"]
[Date "2023.06.10"]
[Round "4.32"]
[White "Albayrak, Melissa"]
[Black "Krausse, Vanessa"]
[Result "1-0"]
[Annotator "NA RC COMBH"]
[ECO "B22"]
[WhiteElo "1362"]
[BlackElo "1604"]
[PlyCount "103"]
[EventDate "2023.06.09"]
[EventType "team-tourn"]
[EventCountry "GER"]
[SourceTitle "playchess.com"]
[Source "ChessBase"]
[SourceQuality "1"]
[TimeControl "40/5400+30:1800+30"]

1. e4 c5 2. c3 Nc6 3. Nf3 d6 4. d4 cxd4 5. cxd4 Nf6 6. Nc3 g6 7. h3 Bg7 8. Bf4 O-O 9. d5 Nb8 10. Bc4 Nbd7 11. O-O a6 12. a4 b6 13. Re1 Bb7 14. Rb1 Rc8 15. Ba2 Nc5 16. e5 dxe5 17. Bxe5 Ncd7 18. Bh2 Re8 19. Ne5 Nxe5 20. Bxe5 Rc5 21. d6 exd6 22. Qxd6 Qxd6 23. Bxd6 Rg5 24. Bg3 Bf8 25. Kh2 h5 26. f3 Rd8 27. Rbd1 Rxd1 28. Rxd1 Bc6 29. Bd6 Nd7 30. Bxf8 Kxf8 31. Rd6 Rc5 32. Rd4 b5 33. Bb3 bxa4 34. Bxa4 Bxa4 35. Rxa4 Rc6 36. Kg3 Nc5 37. Rc4 Ke8 38. Na4 Nxa4 39. Rxc6 Nxb2 40. Rxa6 Nd3 41. Ra3 Nc5 42. Kf4 Ke7 43. Ra7+ Kf6 44. h4 Nd3+ 45. Ke3 Ne1 46. Ra2 Kf5 47. g3 f6 48. Re2 Nxf3 49. Kxf3 g5 50. Ra2 g4+ 51. Ke3 Kg6 52. Ke4 1-0

[Event "DFMM-LV 2023"]
[Site "Braunfels"]
[Date "2023.06.10"]
[Round "4.33"]
[White "Rath, Alina"]
[Black "Roessler, Ulrike"]
[Result "0-1"]
[Annotator "TA"]
[ECO "A21"]
[WhiteElo "2051"]
[BlackElo "2176"]
[PlyCount "90"]
[EventDate "2023.06.09"]
[EventType "team-tourn"]
[EventCountry "GER"]
[SourceTitle "playchess.com"]
[Source "ChessBase"]
[SourceQuality "1"]
[TimeControl "40/5400+30:1800+30"]

1. c4 g6 2. g3 Bg7 3. Bg2 e5 4. Nc3 d6 5. e3 f5 6. Nge2 Nf6 7. d3 O-O 8. O-O c6 {[%emt 0:00:43] 8...c6 was played by the boomers.} 9. d4 {[%emt 0:05:45] A21: English Opening: 1...e5 2 Nc3.} Be6 10. d5 Bf7 11. b3 {[%emt 0:00:54] The position is equal.} c5 {[%emt 0:04:22] [#]} (11... e4 $11) 12. Rb1 $146 (12. e4 $16) ({Predecessor:} 12. e4 Nh5 13. Qd3 Be8 14. Bh3 Bd7 15. exf5 gxf5 16. f4 e4 17. Qd2 b5 18. Rb1 {0-1 Wallrabenstein,U (1973)-Schmidt,T (2036) Bahn-chT Friedrichroda 1997 (7.1)}) 12... a6 ({Better is} 12... e4 $11) 13. Qd2 (13. e4 $1 $14) 13... Nbd7 (13... e4 $11) 14. Bb2 (14. e4 $14) 14... g5 15. f4 Bg6 $2 (15... exf4 $11 16. exf4 g4) 16. fxg5 $18 Nh5 17. e4 {[%emt 0:01:21] Threatens to win with exf5.} f4 18. h4 (18. gxf4 exf4 19. h4 (19. Nxf4 $2 Qxg5 20. h4 Qh6 $19) 19... Qe7 20. Nxf4 Bd4+ 21. Kh1 (21. Kh2 $2 Rxf4 22. Rxf4 Nxf4 $19) 21... Ng3+ 22. Kh2 Nxf1+ 23. Rxf1 Ne5 $17) (18. g4 $18) 18... h6 $1 $14 19. gxf4 (19. g4 $1 $14 hxg5 20. gxh5 Bxh5 21. Ng3 fxg3 22. Qxg5 Qxg5 23. hxg5) 19... exf4 $11 20. Nxf4 Nxf4 (20... Bd4+ {keeps more tension.} 21. Kh1 Ng3+ 22. Kh2 Nxf1+ 23. Rxf1 Ne5) 21. Rxf4 Bd4+ 22. Kh1 {[%emt 0:00:18] Strongly threatening Ne2.} hxg5 (22... Rxf4 $1 $11 {keeps the balance.} 23. Qxf4 Ne5) 23. Rxf8+ $16 Kxf8 24. Ne2 ({Of course not} 24. Qxg5 Qxg5 25. hxg5 Ke7 $15) (24. hxg5 $2 Ke7 25. Bh3 Qh8 $19) 24... Bxb2 25. Rxb2 g4 $2 (25... gxh4 $16 {was worth a try.} 26. Qh6+ Kf7) 26. Qh6+ $18 Kf7 27. Rb1 $1 {[%emt 0:09:22] Black must now prevent Rf1+.} Ne5 28. Rf1+ Ke7 29. Nf4 (29. Qg7+ Bf7 30. b4 Qh8 31. Qg5+ Kd7 32. bxc5 Rg8 33. Qf5+ Kd8 $18) 29... Bf7 30. Kh2 (30. Nh5 $142) 30... Qg8 31. Kg3 b5 $2 (31... Rf8 {was necessary.} 32. h5 (32. Ne2 Qg6 $16) 32... Be8) 32. Nh5 $2 (32. Nd3 $18 Qg6 33. Qxg6 Bxg6 34. Nxe5 dxe5 35. h5) 32... Bxh5 $16 33. Qxh5 Qg7 (33... bxc4 $14 34. bxc4 (34. Qf5 cxb3 35. axb3 Rb8 $11) 34... Rb8) 34. Qf5 $1 {[%emt 0:00:53] Qe6+ is the strong threat.} Qh6 {[%emt 0:01:10] [#] Prevents Qe6+.} 35. Qg5+ ({Only move:} 35. b4 $1 $16 ) 35... Qxg5 $11 36. hxg5 {[%emt 0:00:06][%mdl 4096] Endgame KRB-KRN} Rg8 37. cxb5 axb5 38. Rf5 ({White should play} 38. Rh1 $11) 38... c4 $15 {[%emt 0:00:32] aiming for ...c3.} 39. bxc4 bxc4 40. Bf1 (40. Rf2 $1 $15) 40... c3 $19 41. Rf2 {[%emt 0:31:29] [#]} (41. Bb5) 41... Rf8 $1 {[%emt 0:32:14] ( -> ...Rxf2). Black is clearly winning.} 42. Rc2 Rxf1 43. Rxc3 Kf7 {[%emt 0:00:00] ...Kg6 would be deadly.} 44. Rc8 Rg1+ 45. Kf2 Ra1 {[%emt 0:00:00] What a fight! A cool game by Roessler.   Weighted Error Value: White=0.73/Black=0.49} 0-1

[Event "DFMM-LV 2023"]
[Site "Braunfels"]
[Date "2023.06.10"]
[Round "4.34"]
[White "Korenova, Martina"]
[Black "Skogvall, Martina"]
[Result "1-0"]
[Annotator "TA"]
[ECO "B22"]
[WhiteElo "2151"]
[BlackElo "1979"]
[PlyCount "57"]
[EventDate "2023.06.09"]
[EventType "team-tourn"]
[EventCountry "GER"]
[SourceTitle "playchess.com"]
[Source "ChessBase"]
[SourceQuality "1"]
[TimeControl "40/5400+30:1800+30"]

1. e4 c5 2. Nf3 Nc6 3. c3 Nf6 4. e5 Nd5 5. d4 cxd4 6. cxd4 e6 7. Nc3 Nxc3 8. bxc3 d6 9. Bd3 dxe5 {[%emt 0:00:44] B22: Sicilian: 2 c3.} 10. dxe5 Bd7 (10... Qa5 $5 11. O-O Nxe5 $11) 11. Qe2 Qc7 {[%emt 0:03:05][%cal Oc6b4] White is slightly better.} 12. O-O Be7 {[%emt 0:00:54] [#]} 13. Re1 $146 ({Predecessor:} 13. Rb1 Rc8 14. Rd1 b6 15. Qe4 Bc5 16. Qg4 g6 17. Qf4 Be7 18. Re1 f5 19. Qh6 {1-0 Babikov,I (2268)-Gueci,T (2184) Rilton Cup 48th 2018 (8)}) 13... Rc8 14. Rb1 Na5 15. Bd2 b6 16. Ba6 Rd8 17. Nd4 O-O 18. Bd3 (18. Qg4 {with more complications.} f5 19. exf6 Rxf6 20. Bd3) 18... Rfe8 19. h4 $40 {[%emt 0:10:17][%cal Bh2h4,Bh4h5,Bh5g6,Bg6h7][%mdl 160] White has some attack.} f5 $2 {[%emt 0:03:35] [#] Wards off Qe4. A mistake that costs the game.} (19... Bc6 $1 $11 {and Black stays safe.}) 20. exf6 $18 Bxf6 21. Qe4 g6 22. h5 $1 Bxd4 $2 (22... Bc6 {was necessary.} 23. Qg4 e5) 23. cxd4 Bc6 24. Qg4 Qg7 {[%emt 0:00:58] [#]} (24... e5) 25. hxg6 {[%emt 0:01:37] White is clearly winning.} ({Worse is} 25. Rxe6 Qxd4 26. Rxe8+ Bxe8 27. Qxd4 Rxd4 $11) 25... h5 26. Qxh5 Rd5 27. Qh7+ Qxh7 28. gxh7+ Kh8 29. Bf4 {[%emt 0:31:07] Excellently played by Korenova!   Weighted Error Value: White=0.18 (very precise) /Black=0.82} 1-0

[Event "DFMM-LV 2023"]
[Site "Braunfels"]
[Date "2023.06.10"]
[Round "4.35"]
[White "Bazzazi, Elnaz"]
[Black "Steinbacher, Claudia"]
[Result "0-1"]
[Annotator "TA"]
[ECO "B25"]
[WhiteElo "1827"]
[BlackElo "2039"]
[PlyCount "80"]
[EventDate "2023.06.09"]
[EventType "team-tourn"]
[EventCountry "GER"]
[SourceTitle "playchess.com"]
[Source "ChessBase"]
[SourceQuality "1"]
[TimeControl "40/5400+30:1800+30"]

1. e4 c5 2. Nc3 Nc6 3. g3 g6 4. Bg2 Bg7 5. d3 d6 6. Nh3 e6 7. O-O Nge7 8. Be3 a6 {[%emt 0:00:17] B25: Closed Sicilian: 3 g3, lines without early Be3.} 9. Qd2 O-O 10. Bh6 Nd4 {[%emt 0:01:25] The position is equal.} 11. Nd1 e5 {[%emt 0:02:19] [#] Strongly threatening ...Bxh3.} 12. Bxg7 Kxg7 {[%emt 0:00:02] [#]} 13. f3 $146 ({Predecessor:} 13. c3 Ne6 14. Ne3 Nc6 15. f4 exf4 16. Nxf4 Rb8 17. Nfd5 b5 18. Rf6 Ne5 19. Raf1 {1-0 Lim,K-Guyene,T World Cities 1997 (8)}) 13... f6 14. c3 Ndc6 15. Ne3 Be6 16. f4 Qd7 17. Nf2 b5 18. Qe2 (18. Nd5 $5 ) 18... Rab8 19. Qf3 Bf7 20. Bh3 Qd8 21. Nfg4 {[%emt 0:00:36] [#] Threatens to win with fxe5.} Ng8 (21... exf4 {keeps more tension.} 22. Qxf4 Ng8 23. Bg2 h5) 22. Nd1 exf4 23. gxf4 (23. Qxf4 {with more complications.} h5 24. Nge3 Ne5 25. d4) 23... Nce7 (23... d5 $5 ) 24. Bg2 c4 25. d4 f5 26. Nge3 (26. Ngf2 $11 {remains equal.}) 26... fxe4 $17 27. Qxe4 Nf6 28. Qc2 Be6 29. Nf2 Qd7 ({Black should try} 29... Nfd5 $17 30. Qd2 Nxf4) 30. Rae1 $15 Nfd5 (30... Ned5 $17) 31. Nxd5 (31. Qd2 $1 $11) 31... Nxd5 $17 32. f5 Bxf5 33. Qd2 Nf6 {[%emt 0:03:00] Black is more active.} (33... Be6 {feels hotter.} 34. Ne4 Rbe8 35. Qg5 Bf5) 34. d5 (34. Nh1 $17 {was worth a try.}) 34... Qa7 $19 {[%emt 0:05:15] aiming for ...Bd3.} 35. Kh1 Rbe8 36. Qf4 Qc5 37. Rd1 Re5 38. Bh3 $2 (38. Qd2) 38... Nxd5 {[%emt 0:02:36] Black is clearly winning.} 39. Qh4 Ne3 40. Bxf5 Rexf5 {[%emt 0:00:20] Weighted Error Value: White=0.72/Black=0.26 (precise)} 0-1

[Event "DFMM-LV 2023"]
[Site "Braunfels"]
[Date "2023.06.10"]
[Round "4.36"]
[White "Just, Anita"]
[Black "Von Herman, Brigitte"]
[Result "0-1"]
[Annotator "TA"]
[ECO "C54"]
[WhiteElo "1910"]
[BlackElo "1904"]
[PlyCount "110"]
[EventDate "2023.06.09"]
[EventType "team-tourn"]
[EventCountry "GER"]
[SourceTitle "playchess.com"]
[Source "ChessBase"]
[SourceQuality "1"]
[TimeControl "40/5400+30:1800+30"]

1. e4 e5 2. Nf3 Nc6 3. Bc4 Bc5 4. c3 Qe7 5. O-O d6 6. d3 Nf6 7. h3 {[%emt 0:02:38] C54: Giuoco Piano: 4 c3 Nf6, main lines with 5 d4 and 5 d3.} (7. b4 $5 Bb6 $8 8. a4 $11) 7... a6 8. Be3 (8. d4 $14 Ba7 9. d5) 8... O-O 9. Nbd2 {[%emt 0:03:17] [#] The position is equal.} h6 $146 ({Black should try} 9... Bxe3 $11 10. fxe3 Be6) ({Predecessor:} 9... Na5 10. Bb3 Nxb3 11. Qxb3 Be6 12. Qc2 Bxe3 13. fxe3 c6 14. d4 Rad8 15. Ng5 Bc8 {0-1 Leite,M (1808)-Abrantes,T (2163) Brasilia Etapa do Rei op 2019 (1)}) 10. Re1 (10. d4 $14 Ba7 11. Re1) 10... Bxe3 $11 11. Rxe3 Nh5 12. Nf1 Nf4 (12... Na5 $5) 13. N3h2 (13. d4 $11 {keeps the balance.}) 13... Na5 $17 14. Bb3 Nxb3 15. axb3 Be6 16. c4 a5 17. Ng3 Qg5 18. Nf3 Qg6 19. Nh4 (19. d4 $11) 19... Qg5 (19... Qf6 $5 20. Nf3 c5 $15) 20. Nf3 Qg6 21. Kh2 Kh7 22. Qf1 (22. d4 {feels hotter.} b6 23. Qd2 Qf6 24. Ne2) 22... Qf6 23. Ne2 g5 24. Nfg1 Bd7 (24... h5 {keeps more tension.} 25. g3 g4 26. Kh1 Bd7) 25. g3 ({Better is} 25. Rd1 $15) 25... Ne6 26. Rf3 (26. Rd1 $17) 26... Qg6 $19 27. g4 c5 (27... h5 $19 28. gxh5 Qxh5) 28. Rg3 b5 29. Nf3 bxc4 30. bxc4 Rfb8 31. Qc1 Qf6 (31... f6 $19 32. Kg1 h5) 32. Kg1 (32. Nc3 $17) 32... Nf4 33. Qd2 Rb4 34. Nc3 Bc6 35. Ne1 Rab8 36. Ra2 Qd8 37. Ng2 (37. Qc2 {keeps fighting.}) 37... Qb6 $1 38. Nd1 Ba4 (38... Ra4 $1 $19 39. Rxa4 Bxa4) 39. Nge3 $17 Bc6 {[%emt 0:00:54] Black is much more active. The white rooks are badly placed.} (39... Bb3 $17 40. Ra3 Bxd1 41. Nxd1 Ne6) 40. Nf5 $2 {[%emt 0:00:47][%mdl 8192] [#]} (40. Ng2 $1 $11) 40... Bd7 $2 (40... Ra4 $1 $19 {[%cal Ra4a2] has better winning chances.} 41. Ra3 Qb4 42. Qxb4 cxb4 43. Rxa4 Bxa4) 41. Nfe3 {[%emt 0:04:30] [#]} Be6 (41... Ra4 $1 $17 42. Rxa4 Bxa4) 42. Nf5 (42. Nc2 $15) 42... a4 43. Ra3 (43. Kh2 $17 {was worth a try.}) 43... Qa6 44. Kh2 Rb3 {[%emt 0:02:03] ...Rxa3 is the strong threat.} 45. Rxb3 (45. Ra2 $142) 45... Rxb3 $19 46. Nc3 a3 47. bxa3 Rxa3 48. Nb5 $2 (48. Ne3 {is a better defense.}) 48... Ra2 49. Qe1 (49. Nc7 Rxd2 50. Nxa6) 49... Re2 50. Qf1 Qa2 51. Rf3 {[%emt 0:02:55] Threatens to win with Nc3.} Qd2 {[%emt 0:02:08] Dodges Nc3. Hoping for ...Bxf5.} 52. Rxf4 exf4 53. Qg1 Rxf2+ {[%emt 0:01:02] Black mates.} 54. Kh1 Bxf5 55. exf5 Qe2 {[%emt 0:00:30] Weighted Error Value: White=0.71/Black=0.29 (precise)} 0-1

[Event "DFMM-LV 2023"]
[Site "Braunfels"]
[Date "2023.06.10"]
[Round "4.37"]
[White "Guder, Sibylle"]
[Black "Daemering, Katrin"]
[Result "1/2-1/2"]
[Annotator "TA"]
[ECO "A25"]
[WhiteElo "1808"]
[BlackElo "1944"]
[PlyCount "117"]
[EventDate "2023.06.09"]
[EventType "team-tourn"]
[EventCountry "GER"]
[SourceTitle "playchess.com"]
[Source "ChessBase"]
[SourceQuality "1"]
[TimeControl "40/5400+30:1800+30"]

1. c4 g6 2. g3 Bg7 3. Nc3 d6 4. Bg2 e5 5. d3 Ne7 6. e3 Nbc6 7. Nge2 O-O 8. O-O f5 9. Rb1 {[%emt 0:00:20] A25: English Opening vs King's Indian with ...Nc6 but without early d3.} g5 10. f4 gxf4 11. exf4 {[%emt 0:00:46] White is slightly better.} Ng6 12. Nd5 {[%emt 0:04:56] [#]} Be6 $146 ({Predecessor:} 12... a5 13. a3 Nce7 14. b4 axb4 15. axb4 c6 16. Nxe7+ Qxe7 17. b5 Bd7 18. bxc6 Bxc6 {0-1 Schmitt,C (1959)-Savchenko,B (2615) Politiken Cup 33rd 2011 (1)}) 13. b4 Qd7 14. b5 Nd8 15. a4 Kh8 16. Bd2 Bxd5 17. cxd5 Rc8 18. a5 Qf7 $2 (18... b6 $16) 19. Rc1 (19. fxe5 $18 {is more deadly. Strongly threatening e6.} Nxe5 20. Qc2) 19... Ne7 (19... Qd7 $142) 20. Nc3 Qg6 21. Na2 ({Better is} 21. Re1) 21... Nf7 22. Nb4 Nh6 (22... exf4 $142 23. Bxf4 (23. Rxf4 Ne5 $14) 23... Bb2) 23. a6 $16 b6 24. Nc6 (24. Qe2 $18) 24... Nxc6 $14 25. Rxc6 Ng4 26. Rc4 exf4 27. gxf4 Rg8 28. Qf3 $1 Qh6 29. Qh3 {[%emt 0:01:23] [#]} (29. h3 $11 {remains equal.} Ne5 30. fxe5 Qxd2 31. e6 (31. Qxf5 $2 Rcf8 $19)) 29... Qg6 (29... Qf6 $1 $17 {[%cal Rf6b2] Threatens to win with ...Qb2.} 30. Rb1 (30. Bc3 Qf7 $17) 30... Qg6) 30. Qf3 $1 $11 Qh6 31. h3 Nf6 32. Rfc1 Ne8 33. Kh2 Bf6 34. Rg1 Rg7 35. Bf1 Rxg1 36. Kxg1 Ng7 37. Kh2 Bh4 {[%emt 0:00:30] Black is weak on the light squares} 38. Be2 Qg6 39. Bc3 Bf6 40. Bd2 Bh4 41. Bc3 Bf6 42. Bb4 Rg8 43. Qf2 Ne8 44. Rc1 {[%emt 0:02:02] [#] Active counter play!} Bh4 $1 {[%emt 0:08:14][%mdl 64] Deflection} 45. Bc3+ Nf6 46. Qf3 ({Much weaker is} 46. Qg1 Qe8 47. Qf1 Qxb5 $17) 46... h6 ({Black should play} 46... Rg7 $1 $15) 47. Bd4 $132 {[%emt 0:01:47][%mdl 2048] White has counterplay} Rg7 48. Rg1 Qf7 49. Rxg7 Qxg7 50. Qe3 Kh7 51. Bxf6 Qxf6 {[%emt 0:04:19][%mdl 4096] Endgame KQB-KQB} 52. d4 Qg7 53. Bd3 Qg6 54. Bc2 Kg7 55. Qc3 {[%emt 0:01:13] [#]} (55. Bd3 $11) 55... Kf6 (55... c6 $1 $17 {( -> ...Bf2)} 56. Qe3 (56. dxc6 {is a self mate.} Bf2 57. d5+ Kf7) 56... cxb5) 56. Qe3 {[%emt 0:00:15] Repels Bf2. The position is equal.} Kf7 57. Qd3 Kf6 {[%emt 0:00:49] Hoping for ...Bf2.} 58. Qe3 {[%emt 0:00:06] Wards off Bf2} Kf7 59. Qd3 {[%emt 0:00:04] Black escapes into a draw.   Weighted Error Value: White=0.16 (very precise) /Black=0.13 (very precise)} 1/2-1/2

[Event "DFMM-LV 2023"]
[Site "Braunfels"]
[Date "2023.06.10"]
[Round "4.38"]
[White "Kosovska, Olena"]
[Black "Fock, Amina"]
[Result "0-1"]
[Annotator "NA RC COMBH"]
[ECO "D06"]
[WhiteElo "1894"]
[BlackElo "1836"]
[PlyCount "44"]
[EventDate "2023.06.09"]
[EventType "team-tourn"]
[EventCountry "GER"]
[SourceTitle "playchess.com"]
[Source "ChessBase"]
[SourceQuality "1"]
[TimeControl "40/5400+30:1800+30"]

1. c4 c5 2. Nc3 Nf6 3. Nf3 d5 4. cxd5 Nxd5 5. e4 Nc7 6. d4 cxd4 7. Nxd4 e5 8. Qa4+ Bd7 9. Ndb5 Nba6 10. Nxc7+ Nxc7 11. Qb3 Bc5 12. Bc4 O-O 13. O-O Bc6 14. Nd5 Ne6 15. Qg3 b5 16. Bb3 Nd4 17. Qxe5 Re8 18. Nf6+ Qxf6 19. Qxc5 Bxe4 20. Qg5 Nf3+ 21. gxf3 Qxf3 22. Bxf7+ Kh8 0-1

[Event "DFMM-LV 2023"]
[Site "Braunfels"]
[Date "2023.06.10"]
[Round "4.39"]
[White "Fock, Sana"]
[Black "Lowke, Kathrin"]
[Result "1/2-1/2"]
[Annotator "NA RC COMBH"]
[ECO "B23"]
[WhiteElo "1785"]
[BlackElo "1848"]
[PlyCount "84"]
[EventDate "2023.06.09"]
[EventType "team-tourn"]
[EventCountry "GER"]
[SourceTitle "playchess.com"]
[Source "ChessBase"]
[SourceQuality "1"]
[TimeControl "40/5400+30:1800+30"]

1. e4 c5 2. Nc3 Nc6 3. f4 g6 4. Nf3 Bg7 5. Bb5 d6 6. O-O Bd7 7. Bc4 Na5 8. Be2 Nc6 9. Bc4 Na5 10. Be2 Nf6 11. Qe1 O-O 12. d3 Nc6 13. Qh4 Nd4 14. Bd1 Rc8 15. a4 a5 16. h3 Bc6 17. Nxd4 cxd4 18. Ne2 Nd7 19. f5 e5 20. Qxd8 Rcxd8 21. Bd2 b6 22. c3 d5 23. exd5 Bxd5 24. cxd4 exd4 25. b4 axb4 26. Bxb4 Rfe8 27. Nf4 Ne5 28. fxg6 hxg6 29. Nxd5 Rxd5 30. Bb3 Rd7 31. Bd2 Nxd3 32. Bc4 Nc5 33. Bb5 Rde7 34. Bxe8 Rxe8 35. Rae1 Ne6 36. Rb1 Nc5 37. Rxb6 Nxa4 38. Rb7 f5 39. Rc7 Nc3 40. Re1 Ne4 41. Rd1 Nc3 42. Bxc3 dxc3 1/2-1/2